 Dungeon Crawl Stone Soup version 0.30-a0-568-g124715a40b (webtiles) character file.

Game seed: 14094909394518462043

52 gelatine the Stinger (level 3, -1/24 HPs)
             Began as a Demonspawn Venom Mage on Dec 28, 2022.
             Was an Initiate of Vehumet.
             Killed from afar by Natasha (17 damage)
             ... with a bolt of dispelling energy
             ... on level 3 of the Dungeon.
             The game lasted 00:03:56 (1311 turns).

gelatine the Stinger (Demonspawn Venom Mage)        Turns: 1311, Time: 00:03:57

Health: -1/24      AC:  5    Str:  8    XL:     3   Next: 60%
Magic:  3/6        EV: 12    Int: 18    God:    Vehumet [......]
Gold:   161        SH:  0    Dex: 13    Spells: 6/7 levels left

rFire   . . .      SeeInvis .    i - +0 short sword
rCold   . . .      Faith    .    (no shield)
rNeg    . . .      Spirit   .    a - +0 robe
rPois   .          Reflect  .    (no helmet)
rElec   .          Harm     .    g - +0 cloak
rCorr   .          Rampage  .    (no gloves)
Will    .....                    (no boots)
Stlth   ++                       (no amulet)
HPRegen 0.24/turn                (no ring)
MPRegen 0.20/turn                (no ring)

@: no status effects
A: thin metallic scales 1, magic regeneration
a: Renounce Religion


You were on level 3 of the Dungeon.
You worshipped Vehumet.
Vehumet was noncommittal.
You visited 1 branch of the dungeon, and saw 3 of its levels.

You collected 161 gold pieces.

Inventory:

Hand Weapons
 i - a +0 short sword (weapon)
Armour
 a - a +0 robe (worn)
 g - a +0 cloak (worn)
 h - the +0 buckler "Fesi" {rF++ Regen+ SInv}
   (You found it on level 2 of the Dungeon)

   rF:        It greatly protects you from fire.
   SInv:      It lets you see invisible.
   Regen:     It increases your rate of health regeneration.
Jewellery
 l - a +5 ring of evasion
Scrolls
 c - 2 scrolls of teleportation {unknown}
 d - a scroll of poison {unknown}
 e - a scroll of summoning {unknown}
 f - a scroll of amnesia {unknown}
 m - a scroll of enchant armour {unknown}
Potions
 b - 3 potions of magic
 j - a potion of curing {unknown}
 k - a potion of ambrosia {unknown}


   Skills:
 + Level 0.1 Short Blades
 + Level 1.8 Dodging
 + Level 2.0 Stealth
 + Level 2.6 Spellcasting
 + Level 1.4 Transmutations
 + Level 3.6 Poison Magic


You had 6 spell levels left.
You knew the following spells:

 Your Spells              Type           Power      Damage    Failure   Level
a - Sting                 Tmut/Pois      44%        1d5       6%          1

Your spell library contained the following spells:

 Spells                   Type           Power      Damage    Failure   Level
 Poisonous Vapours        Pois/Air       18%        N/A       12%         2
 Cigotuvi's Dreadful Rot  Necr/Pois/Air  12%        N/A       16%         2
 Blink                    Tloc           4%         N/A       26%         2
 Momentum Strike          Conj/Tloc      4%         3d8       26%         2
 Mephitic Cloud           Conj/Pois/Air  6%         N/A       30%         3
 Olgreb's Toxic Radiance  Pois           15%        N/A       36%         4
 Call Canine Familiar     Summ           2%         N/A       45%         3
 Lesser Beckoning         Tloc           4%         N/A       45%         3
 Portal Projectile        Hex/Tloc       4%         N/A       45%         3
 Dispel Undead            Necr           2%         3d7       86%         4
 Leda's Liquefaction      Hex/Erth       1%         N/A       86%         4
 Death Channel            Necr           1%         N/A       100%        6


Dungeon Overview and Level Annotations

Branches:
Dungeon (3/15)

Altars:
Okawaru
Vehumet

Annotations:
D:3 1 runed translucent door, Natasha; Taurus's ghost, amateur MiFi


Innate Abilities, Weirdness & Mutations

You are partially covered in thin metallic scales. (AC +2)
You regenerate magic rapidly.


Message History

The adder is lightly wounded.
The adder closely misses you.
The sting hits the adder.
The adder looks even sicker.
The adder is severely wounded.
The adder completely misses you.
The sting misses the adder.
The adder bites you but does no damage. The adder misses you.
The sting misses the adder.
The adder misses you.
You barely miss the adder.
The adder is severely wounded.
You kill the adder!
Vehumet accepts your kill.
You pick up a book of the Hunter and begin reading...
You add the spells Call Canine Familiar, Portal Projectile and Leda's Liquefaction to your library.
A frilled lizard comes into view.
The sting hits the frilled lizard.
The frilled lizard is poisoned.
The frilled lizard is heavily wounded.
The frilled lizard hisses angrily.
The sting hits the frilled lizard.
The frilled lizard looks even sicker.
You kill the frilled lizard!
Vehumet accepts your kill.
You can't see any susceptible monsters within range! (Use Z to cast anyway.)
Found a runed translucent door.
You see here a frilled lizard corpse.
Found an escape hatch in the floor.
You now have 161 gold pieces (gained 12).
Natasha, Servant of Life and Death comes into view.
She is carrying a wand of quicksilver (13).
Found 20 gold pieces and a scroll of immolation.
Natasha hisses angrily.
The sting hits Natasha.
Natasha is poisoned.
Natasha is lightly wounded.
The sting hits Natasha.
Natasha looks even sicker.
Natasha is moderately wounded.
Natasha claws you!
Taurus's ghost whispers, "Death is liberation."
The sting hits Natasha.
Natasha looks even sicker.
Natasha is severely wounded.
Natasha zaps a wand.
The bolt of dispelling energy hits you!
Ouch! That really hurt!
You die...

#..###.#....# # #
#.#..#.# .. #
#.#..#.# #.#.+ .#
#.#..#.# ########
#.#.## #.# #.#.##.#
..#....# #....####..#
#......# ..#....#
##.#.....?.# ###.####
..#....# #......h...#
#.#
.......###.....!@>..#
#.#
..#.....##..........#
#.#
..#......†..........#
#.#
###....##.........?.#
#.#
###....##...........#
#.#
.......###....##+##.#
#.# ≈≈.....#
#....#Wo§#.# #.#
.≈.##### #....#§§§#.#
##.# .§.# #....# #..#


You could see Natasha (very poisoned), Taurus's ghost and an orc.

Vanquished Creatures
  2 adders
  A worm (D:2)
  2 ball pythons (D:2)
  4 bats
  5 endoplasms (D:2)
  A giant cockroach (D:2)
  A goblin (D:1)
  8 hobgoblins
  A frilled lizard (D:3)
  A kobold (D:2)
  2 rats
28 creatures vanquished.

Notes
Turn   | Place    | Note
-------+----------+-------------------------------------------
     0 | D:1      | gelatine the Demonspawn Venom Mage began the quest for the
                  | Orb.
     0 | D:1      | Reached XP level 1. HP: 13/13 MP: 3/3
   367 | D:1      | Gained mutation: You regenerate magic rapidly. [demonic
                  | ancestry]
   367 | D:1      | Reached XP level 2. HP: 19/19 MP: 0/5
   553 | D:2      | Reached skill level 1 in Transmutations
   556 | D:2      | Identified the +0 buckler "Fesi" {rF++ Regen+ SInv}
   777 | D:2      | Gained mutation: You are partially covered in thin metallic
                  | scales. (AC +2) [demonic ancestry]
   777 | D:2      | Reached XP level 3. HP: 24/24 MP: 2/6
   859 | D:2      | Found an iron altar of Okawaru.
  1130 | D:3      | Found a radiant altar of Vehumet.
  1176 | D:3      | Became a worshipper of Vehumet
  1200 | D:3      | Found a faded altar of an unknown god.
  1297 | D:3      | Found a runed translucent door.
  1305 | D:3      | Noticed Taurus's ghost (amateur MiFi)
  1305 | D:3      | Noticed Natasha
  1311 | D:3      | Killed from afar by Natasha

Illustrated notes

Levels and vault maps discovered:
D:1:      nicolae_arrival_memento_mori, layout_rooms
D:2:      layout_rooms, basic_altar
D:3:      layout_basic, nicolae_wu_jian_immortal_techniques,
          mainiacjoe_overflow_concentric_impassable, basic_ecumenical_altar,
          ebering_ghost_inner_flame, minmay_joined_circles, uniq_natasha

Skill      XL: |  1  2 |
---------------+-------+-----
Transmutations | 1 |  1.4
Stealth        | 2 |  2.0
Short Blades   | |  0.1
Dodging        | |  1.8
Spellcasting   | |  2.6
Poison Magic   | |  3.6

Action                   || total
-------------------------++-------
Melee: Unarmed           ||     2
       Short sword       ||     8
 Cast: Sting             ||    64
Armor: Robe              ||     5
Dodge: Dodged            ||    17

Table legend: (Time is in decaauts)
 A = Elapsed time spent in this place.
 B = Non-inter-level travel time spent in this place.
 C = Inter-level travel time spent in this place.
 D = Time resting spent in this place.
 E = Time spent auto-exploring this place.
 F = Levels seen in this place.
 G = Mean time per level.
                   A        B        C        D        E       F      G
               +--------+--------+--------+--------+--------+-----+--------+
         Total |   1310 |   1298 |     12 |      0 |   1038 |   3 |  436.7 |
       Dungeon |   1310 |   1298 |     12 |      0 |   1038 |   3 |  436.7 |
               +--------+--------+--------+--------+--------+-----+--------+

Top non-repeatable levels by time:
     D:1: 531 daAuts
     D:2: 497 daAuts
     D:3: 281 daAuts
